 Dungeon Crawl Stone Soup version 0.28-a0-595-g9f6c0e134a (webtiles) character file.

Game seed: 2237249274848322099

5607 iamoutofideas the Severer (level 10, -6/94 HPs)
             Began as a Hill Orc Gladiator on Oct 4, 2021.
             Was an Initiate of Gozag.
             Shot with an arrow by a centaur (8 damage)
             ... on level 8 of the Dungeon.
             The game lasted 00:15:35 (12243 turns).

iamoutofideas the Severer (Hill Orc Gladiator)     Turns: 12243, Time: 00:15:36

Health: -6/94      AC: 14    Str: 21    XL:     10   Next: 73%
Magic:  10/10      EV: 12    Int:  8    God:    Gozag
Gold:   1343       SH:  5    Dex: 12    Spells: 9/9 levels left

rFire   + . .      SeeInvis .   a - +1 war axe (flame)
rCold   . . .      Faith    .   (no shield)
rNeg    . . .      Spirit   .   y - +1 ring mail {rF+}
rPois   .          Reflect  +   c - +1 helmet
rElec   .          Harm     .   o - +0 cloak
rCorr   .          Rampage  .   A - +0 pair of gloves
Will    .....                   B - +2 pair of boots
Stlth   +.........              l - amulet of reflection
HPRegen 0.25/turn               (no ring)
MPRegen 0.12/turn               (no ring)

@: no status effects
A: no striking features
a: Renounce Religion, Potion Petition, Call Merchant, Bribe Branch


You were on level 8 of the Dungeon.
You worshipped Gozag.
Gozag was most pleased with you.
You visited 2 branches of the dungeon, and saw 10 of its levels.

You collected 1413 gold pieces.
You paid 70 gold pieces to Gozag.

Inventory:

Hand Weapons
 a - a +1 war axe of flaming (weapon)
 g - a +0 whip of venom
 z - a +1 battleaxe of freezing
Missiles
 d - 3 throwing nets (quivered)
Armour
 c - a +1 helmet (worn)
 k - a +0 kite shield
 n - a scarf of invisibility
 o - a +0 cloak (worn)
 v - a +0 plate armour
 y - a +1 ring mail of fire resistance (worn)
 A - a +0 pair of gloves (worn)
 B - a +2 pair of boots (worn)
Jewellery
 l - an amulet of reflection (around neck)
 p - an amulet of magic regeneration
 s - a ring of ice
Wands
 e - a wand of flame (42)
 w - a wand of polymorph (7)
Scrolls
 i - 3 scrolls of amnesia
 j - 3 scrolls of teleportation
 m - a scroll of identify
Potions
 b - a potion of brilliance
 f - a potion of resistance
 q - 3 potions of flight
 r - 3 potions of berserk rage
 u - a potion of might
 x - a potion of haste


   Skills:
 + Level 10.5 Fighting
 + Level 16.2 Axes
 - Level 1.7 Throwing
 + Level 2.5 Armour
 + Level 3.4 Dodging
 + Level 1.8 Shields


You had 9 spell levels left.
You didn't know any spells.
Your spell library contained the following spells:

 Spells                   Type           Power      Damage    Failure   Level
 Blink                    Tloc           N/A        N/A       71%         2
 Gell's Gravitas          Tloc           0%         N/A       91%         3
 Lesser Beckoning         Tloc           0%         N/A       91%         3
 Teleport Other           Tloc           0%         N/A       91%         3
 Animate Dead             Necr           0%         N/A       100%        4
 Borgnjor's Vile Clutch   Necr/Erth      0%         N/A       100%        5
 Manifold Assault         Tloc           0%         N/A       100%        5
 Death Channel            Necr           0%         N/A       100%        6
 Storm Form               Tmut/Air       0%         N/A       100%        7


Dungeon Overview and Level Annotations

Branches:
Dungeon (9/15)             Temple (1/1) D:4
   Lair: D:8-11         Orc: D:9-12

Altars:
Ashenzari
Cheibriados
Dithmenos
Elyvilon
Fedhas
Gozag
Hepliaklqana
Kikubaaqudgha
Makhleb
Nemelex Xobeh
Okawaru
Qazlal
Ru
Sif Muna
Uskayaw
Vehumet
Wu Jian
Xom
Yredelemnul
Zin
The Shining One

Shops:
D:8 *

Annotations:
D:2 exclusion: downstairs


Message History

The two-headed ogre hits you with a +0 giant spiked club!!
There is a stone staircase leading up, spattered with blood here.
The two-headed ogre hits you with a +0 giant club!
The two-headed ogre hits you with a +0 giant spiked club!
* * * LOW HITPOINT WARNING * * *
The centaur unwields a +0 shortbow.
The centaur barely misses you.
The centaur kicks you but does no damage.
You climb upwards.
There is a stone staircase leading down here.
The centaur hits you but does no damage.
You block the centaur's attack. You block the centaur's attack.
The centaur barely misses you.
The centaur wields a +0 shortbow.
The centaur shoots an arrow.
The arrow hits you but does no damage.
The centaur shoots an arrow.
The arrow hits you but does no damage.
The centaur shoots an arrow.
The arrow closely misses you.
The centaur shoots an arrow.
The arrow hits you but does no damage.
The centaur shoots an arrow.
The arrow hits you but does no damage.
The centaur shoots an arrow.
The arrow hits you.
* * * LOW HITPOINT WARNING * * *
The centaur shoots an arrow.
The arrow hits you.
* * * LOW HITPOINT WARNING * * *
Okay, then.
Okay, then.
The centaur shoots an arrow.
The arrow barely misses you.
The centaur shoots an arrow.
The arrow barely misses you.
The centaur shoots an arrow.
The arrow hits you.
* * * LOW HITPOINT WARNING * * *
Okay, then.
Okay, then.
You feel better.
The two-headed ogre hits you with a +0 giant club!
* * * LOW HITPOINT WARNING * * *
The two-headed ogre barely misses you.
The centaur shoots an arrow.
The arrow hits you but does no damage.
The centaur shoots an arrow.
The arrow hits you!
* * * LOW HITPOINT WARNING * * *
The centaur shoots an arrow.
The arrow hits you!
You die...
Your body crumbles into a pile of gold.

............#.#....##.#..........
#...........#......##.#..........
#)..........#....................
#.........#.###.....c.#.###......
#.......#.#.#.#.....###...#.....#
#....#.#....#[.<....##........#.#
#..........[[.[.[...##..........#
#...........[.[)O...##.....c..#..
#...........#.#)@..###........#..
####........#.#....###........#..
#........#.......#.........#..
#........####<...#............
#..............###.....[......
#.........(.[..#..............
#..............#.#####........
##########........#.(...#......>.
#.......##........#...#.#######..


You could see a two-headed ogre and a centaur.

Vanquished Creatures
  A hornet (D:5)
  Prince Ribbit (D:5)
  A shadow (D:9)
  A wyvern (D:9)
  5 yaks (D:8)
  2 steam dragons
  2 water moccasins
  3 sky beasts
  An ice beast (D:7)
  4 orc warriors
  A black bear (D:4)
  A necrophage (D:5)
  3 ogres
  3 centaurs
  3 gnoll sergeants
  2 bullfrogs
  A wyvern skeleton (D:5)
  2 scorpions
  A water moccasin zombie (D:5)
  5 killer bees (D:9)
  15 wights
  3 howler monkeys (D:9)
  4 centaur zombies
  A bullfrog zombie (D:6)
  3 hounds
  A jelly (D:4)
  Crazy Yiuf (D:2)
  3 orc priests
  2 iguanas
  2 orc wizards
  2 howler monkey zombies (D:9)
  A howler monkey skeleton (D:6)
  15 gnolls
  6 adders
  2 white imps
  2 ufetubi
  3 worms
  3 dart slugs
  18 orcs
  5 ball pythons (D:1)
  7 endoplasms
  2 giant cockroaches (D:2)
  6 goblins
  4 hobgoblins
  4 jackals (D:1)
  7 quokkas
  4 bats
  7 frilled lizards
  3 kobolds
  6 rats
185 creatures vanquished.

Vanquished Creatures (others)
  A fungus (D:6)
1 creature vanquished.

Grand Total: 186 creatures vanquished

Notes
Turn   | Place    | Note
-------+----------+-------------------------------------------
     0 | D:1      | iamoutofideas the Hill Orc Gladiator began the quest for
                  | the Orb.
     0 | D:1      | Reached XP level 1. HP: 18/18 MP: 1/1
   130 | D:1      | Reached XP level 2. HP: 25/25 MP: 2/2
   621 | D:1      | Found a faded altar of an unknown god.
   710 | D:1      | Reached XP level 3. HP: 30/30 MP: 3/3
  1043 | D:2      | Found a runed translucent door.
  1044 | D:2      | Noticed Crazy Yiuf
  1381 | D:2      | Reached skill level 5 in Axes
  1682 | D:2      | Found a shadowy altar of Dithmenos.
  1963 | D:2      | Killed Crazy Yiuf
  1964 | D:2      | Reached XP level 4. HP: 16/37 MP: 4/4
  2260 | D:3      | Reached skill level 6 in Axes
  2604 | D:3      | Reached XP level 5. HP: 16/44 MP: 5/5
  3056 | D:3      | Reached skill level 7 in Axes
  3058 | D:3      | Reached XP level 6. HP: 8/51 MP: 6/6
  3355 | D:3      | Reached skill level 8 in Axes
  3840 | D:4      | HP: 2/45 [acid (5)]
  4094 | D:4      | Found a staircase to the Ecumenical Temple.
  4219 | Temple   | Entered the Ecumenical Temple
  4358 | Temple   | Became a worshipper of Gozag Ym Sagoz the Greedy
  4541 | D:4      | Found a shadowy altar of Dithmenos.
  4544 | D:4      | Found a stormy altar of Qazlal.
  4550 | D:4      | Reached skill level 9 in Axes
  4550 | D:4      | Reached XP level 7. HP: 27/58 MP: 7/7
  4805 | D:4      | Found a blossoming altar of Fedhas.
  5093 | D:5      | Entered Level 5 of the Dungeon
  5127 | D:5      | Noticed Prince Ribbit
  5187 | D:4      | Reached skill level 10 in Axes
  5447 | D:5      | Killed Prince Ribbit
  5448 | D:5      | Reached skill level 11 in Axes
  5448 | D:5      | Reached XP level 8. HP: 31/67 MP: 8/8
  5761 | D:5      | Found a burning altar of Makhleb.
  5763 | D:5      | Found an iron altar of Okawaru.
  6007 | D:5      | Reached skill level 12 in Axes
  6189 | D:5      | Reached skill level 5 in Fighting
  6404 | D:5      | Noticed a hornet
  6426 | D:5      | Killed a hornet
  6793 | D:6      | Reached skill level 13 in Axes
  7081 | D:6      | Reached XP level 9. HP: 70/74 MP: 9/9
  7594 | D:6      | Found a sacrificial altar of Ru.
  7867 | D:7      | Reached skill level 14 in Axes
  8802 | D:7      | Reached skill level 15 in Axes
  9101 | D:7      | Found a shimmering altar of Xom.
  9131 | D:7      | Found a broken altar of Ashenzari.
  9738 | D:8      | Reached skill level 16 in Axes
  9740 | D:8      | Reached XP level 10. HP: 50/88 MP: 10/10
 10687 | D:8      | Found Nicsam's General Store.
 10771 | D:8      | Reached skill level 1 in Armour
 10914 | D:8      | Found a snail-covered altar of Cheibriados.
 11265 | D:8      | Reached skill level 10 in Fighting
 11730 | D:9      | Reached skill level 1 in Shields
 12165 | D:9      | Noticed a two-headed ogre
 12243 | D:8      | HP: 2/94 [centaur/arrow (8)]
 12243 | D:8      | Shot with an arrow by a centaur

Illustrated notes

Levels and vault maps discovered:
D:1:      roderic_chinese_lattice_arrival, layout_basic,
          shapermc_ecumenical_altar_totnotflames, chequers_jeans,
          minmay_misc_feat_tower
D:2:      layout_basic, basic_altar, uniq_crazy_yiuf_cottage
D:3:      layout_rooms, chequers_serial_rivers_large_a, minmay_misc_feat_iff,
          minivault_14
D:4:      layout_cave_pods, fedhas_altar_1, mainiacjoe_overflow_catwalk_spiral,
          minmay_temple_entry_slanted, minmay_misc_feat_plants
D:5:      layout_basic, chequers_temple_overflow_statue_of_worship,
          uniq_prince_ribbit1
D:6:      layout_gridville, mainiacjoe_overflow_boulevard
D:7:      layout_basic, mainiacjoe_overflow_two_lobes
D:8:      layout_basic, chei_slow_surprise, serial_shops, kennysheep_mini,
          nicolae_underground_beach
D:9:      layout_small_grid, chequers_avenue
Temple:   hc_temple_tempest_star

Skill      XL: |  1  2  3  4  5  6  7  8  9 10 |
---------------+-------------------------------+-----
Axes           | 5 6 7 9 11 13 16 | 16.2
Fighting       | 3 4 5 7 10 | 10.5
Armour         | 2 |  2.5
Dodging        | 3 |  3.4
Shields        | 1 |  1.8
Throwing       | |  1.7

Action                   |  1- 3 |  4- 6 |  7- 9 | 10-12 || total
-------------------------+-------+-------+-------+-------++-------
Melee: War axe           |   120 |   117 |   281 |   136 ||   654
  Use: Potion            |     1 |     1 |     1 |     1 ||     4
       Scroll            |       |       |    10 |     5 ||    15
 Stab: Invisible         |     1 |       |       |       ||     1
       Distracted        |       |       |     1 |     1 ||     2
Armor: Leather armour    |    17 |       |       |       ||    17
       Ring mail         |    17 |    41 |    95 |    73 ||   226
Dodge: Dodged            |    82 |    60 |   130 |    94 ||   366
Block: Other             |       |    38 |    57 |    47 ||   142
       Reflection        |       |       |     4 |     2 ||     6

Table legend: (Time is in decaauts)
 A = Elapsed time spent in this place.
 B = Non-inter-level travel time spent in this place.
 C = Inter-level travel time spent in this place.
 D = Time resting spent in this place.
 E = Time spent auto-exploring this place.
 F = Levels seen in this place.
 G = Mean time per level.
                   A        B        C        D        E       F      G
               +--------+--------+--------+--------+--------+-----+--------+
         Total |  12274 |  11888 |    386 |   4117 |   5806 |  10 | 1227.4 |
       Dungeon |  12094 |  11728 |    366 |   4117 |   5658 |   9 | 1343.8 |
        Temple |    179 |    160 |     19 |      0 |    148 |   1 |  179.0 |
               +--------+--------+--------+--------+--------+-----+--------+

Top non-repeatable levels by time:
     D:7: 1925 daAuts
     D:2: 1829 daAuts
     D:4: 1630 daAuts
     D:8: 1568 daAuts
     D:5: 1340 daAuts
     D:3: 1110 daAuts
     D:1: 965 daAuts
     D:6: 923 daAuts
     D:9: 800 daAuts
  Temple: 179 daAuts
